[Event "9. Korbacher Open 2017"]
[Site "Korbach"]
[Date "2017.10.19"]
[Round "1"]
[White "Dudink, Bas"]
[Black "Hildebrand, Georg"]
[Result "1-0"]
[ECO "A40"]
[WhiteElo "1951"]
[BlackElo "1477"]
[Annotator "NA"]
[PlyCount "119"]
[EventDate "2017.??.??"]
[EventType "swiss"]
[EventCountry "GER"]
[SourceTitle "playchess.com"]
[Source "ChessBase"]
[SourceQuality "1"]
[TimeControl "40/5400+30:1800+30"]

1. d4 b6 2. c4 Bb7 3. Nc3 e6 4. a3 Be7 {[%emt 0:00:19] A40: Unusual replies to 1 d4} (4... f5 5. d5 Nf6 6. g3 Bd6 7. Bg2 a5 8. Nh3 O-O 9. O-O Na6 10. e4 Be5 11. exf5 Bxc3 12. bxc3 exf5 13. Be3 Ne4 14. Bxe4 fxe4 {1-0 (36) Navara,D (2737)-Hou,Y (2666) Biel 2017}) 5. e4 d6 6. Nf3 h6 $146 ({Predecessor:} 6... Nd7 7. Bd3 Ngf6 8. h3 a6 9. O-O O-O 10. Re1 e5 11. d5 Re8 12. Be3 {1-0 (47) Zschischang,M (2061)-Katte,I (1931) Halle 2005}) 7. Bd3 a6 8. O-O Nd7 9. Be3 Ngf6 10. Nd2 Nh7 11. f4 c5 12. Nf3 cxd4 13. Bxd4 Nhf6 14. Qe2 Nc5 {[%emt 0:03:08] [#]} (14... O-O $14) 15. Bc2 $1 O-O {[%emt 0:06:05] [#]} 16. Rad1 $1 Qc7 17. e5 Ne8 (17... dxe5 $16 {is a better defense.} 18. fxe5 (18. Bxe5 Qc8 $16) 18... Nh7) 18. Rd2 (18. b4 $18) 18... Nd7 19. Ne4 d5 ({Better is} 19... Rc8 $14) 20. cxd5 Bxd5 21. Bd3 Qb7 22. Rc2 Nc5 23. Nxc5 bxc5 24. Bxc5 Bxc5+ 25. Rxc5 Qb6 26. Rfc1 Rc8 27. Qf2 Rb8 ({Black should play} 27... Rxc5 $14 28. Qxc5 Qb7) 28. b4 Nc7 $2 (28... Rd8 29. Be2 Qb7) 29. Rxc7 Qxf2+ 30. Kxf2 Rb6 31. Rc8 Bb7 32. Rxf8+ Kxf8 33. Nd4 g6 34. Be2 Kg7 35. Bf3 Bd5 36. Bxd5 exd5 37. Rc6 Rxc6 38. Nxc6 Kf8 39. Ke3 Ke8 40. Kd4 Kd7 41. Nb8+ Kc7 42. Nxa6+ Kb6 43. Nc5 Kc6 44. a4 g5 45. f5 h5 46. b5+ Kb6 47. Kxd5 h4 48. h3 g4 49. hxg4 h3 50. gxh3 Ka5 51. Kc4 Kb6 52. Nb3 Kb7 53. Kc5 Kc7 54. a5 Kb7 55. a6+ Ka7 56. Kc6 Kb8 57. b6 Ka8 58. Kc7 f6 59. Nd4 (59. b7+ $142 Ka7 60. b8=Q+ Kxa6 61. Qb7#) 59... fxe5 60. Nc6 1-0

[Event "9. Korbacher Open 2017"]
[Site "Korbach"]
[Date "2017.10.19"]
[Round "1"]
[White "Nemetz, Markus"]
[Black "Ohst, Holger"]
[Result "1/2-1/2"]
[ECO "E80"]
[WhiteElo "1951"]
[BlackElo "1986"]
[Annotator "NA RC"]
[PlyCount "110"]
[EventDate "2017.??.??"]
[EventType "swiss"]
[EventCountry "GER"]
[SourceTitle "playchess.com"]
[Source "ChessBase"]
[SourceQuality "1"]
[TimeControl "40/5400+30:1800+30"]

1. d4 Nf6 2. c4 g6 3. Nc3 Bg7 4. e4 d6 5. f3 c5 6. d5 O-O 7. Bg5 h6 8. Be3 Na6 9. Qd2 {[%emt 0:00:59] E81: King's Indian: Sämisch: 6th move deviations (including 6 Be3 c6)} Kh7 10. Nge2 Nc7 {[%emt 0:03:43] LiveBook: 4 Games} 11. Ng3 e6 12. dxe6 $146 ({Predecessor:} 12. Be2 exd5 13. cxd5 Bd7 14. a4 Rb8 15. O-O Qe7 16. f4 Bg4 {1-0 (30) Wasdahl,D (2065)-Vigorito,D (2420) Las Vegas 1997}) 12... fxe6 ({Better is} 12... Nxe6 $14 13. O-O-O b6) 13. Rd1 Nfe8 {[%emt 0:16:26] [#]} 14. Bxc5 $1 Rf7 (14... Nd5 $16) 15. Bd4 ({Don't play} 15. Bxd6 $6 Nxd6 16. c5 (16. Qxd6 $2 Rd7 $19) 16... Be5 $16) 15... e5 16. Be3 Qh4 17. Bd3 Ne6 18. O-O Nf4 19. Rf2 Be6 20. Nd5 Bxd5 21. cxd5 Qd8 22. Bf1 h5 23. Ne2 Qf6 24. Nxf4 (24. Nc1 $18) 24... exf4 25. Bd4 Qxd4 26. Qxd4 Bxd4 27. Rxd4 Rc8 28. Rc4 Rfc7 29. Rxc7+ Rxc7 30. Bd3 Rc1+ (30... h4 $16 31. g3 hxg3 32. hxg3 fxg3) 31. Rf1 Rc5 32. g3 fxg3 33. hxg3 Kg7 34. Kg2 Nf6 35. Rf2 Nd7 36. Rc2 Kf6 37. f4 Ra5 (37... Rxc2+ $142 38. Bxc2 Nb6) 38. a3 Nc5 39. b4 $2 (39. Bc4 $18 Nd7 40. Kf3) 39... Nxd3 40. Rc3 Nxf4+ 41. gxf4 Ra4 $1 42. Re3 a5 $1 43. e5+ Ke7 44. Rb3 axb4 45. Rxb4 Rxb4 46. axb4 dxe5 47. fxe5 g5 48. Kg3 b5 49. Kf3 g4+ 50. Kf4 Kd7 51. Kg3 Ke7 52. e6 Kd6 53. Kf4 Ke7 54. Ke5 $11 g3 55. d6+ Ke8 1/2-1/2

[Event "9. Korbacher Open 2017"]
[Site "Korbach"]
[Date "2017.10.19"]
[Round "1"]
[White "Hagedorn, Alfons"]
[Black "Hild, Sebastian"]
[Result "0-1"]
[ECO "C57"]
[WhiteElo "1923"]
[BlackElo "1786"]
[Annotator "NA RC"]
[PlyCount "110"]
[EventDate "2017.??.??"]
[EventType "swiss"]
[EventCountry "GER"]
[SourceTitle "playchess.com"]
[Source "ChessBase"]
[SourceQuality "1"]
[TimeControl "40/5400+30:1800+30"]

1. e4 e5 2. Nf3 Nc6 3. Bc4 Nf6 4. Ng5 d5 5. exd5 Nxd5 {[%emt 0:00:22] [#]} 6. Nxf7 $1 Kxf7 7. Qf3+ Ke6 $1 8. Nc3 Nce7 ({Better is} 8... Ncb4 $14) 9. O-O c6 {[%emt 0:00:24] C57: Two Knights: Wilkes-Barre/Traxler and 4 Ng5 d5 5 exd5, unusual Black 5th moves} 10. d4 Kd6 11. Rd1 $146 ({Predecessor:} 11. Bg5 $16 Be6 12. Rfe1 exd4 13. Ne4+ Kc7 14. Qg3+ Kb6 15. Qb3+ Kc7 16. Qg3+ Kb6 17. Nd6 {1-0 (26) Zhigalko,S (2671)-Agdestein,S (2602) Doha 2016}) 11... Be6 12. Bg5 Qc8 13. dxe5+ Kc7 14. Bxe7 Nxe7 15. Qd3 {[%emt 0:04:58] [#]} (15. Bxe6 $11 Qxe6 16. Rd6 Qxe5 17. Rad1) 15... Ng6 $1 16. Bb3 Be7 17. Qe4 Bxb3 18. cxb3 Qe6 19. f4 Rhf8 20. g3 Rad8 21. Rxd8 Bxd8 ({Weaker is} 21... Rxd8 22. f5 $11) 22. Rc1 Kb8 23. Rd1 Bc7 24. Rf1 Qh3 ({Don't take} 24... Bb6+ 25. Kg2 $19) 25. Rf3 Ne7 (25... Bb6+ $2 26. Kh1 $19) 26. Na4 Rd8 27. Rd3 Qf5 (27... Re8 $19 {has better winning chances.} 28. Nc5 {[#]} g5 $1 29. fxg5 Bb6) 28. Rxd8+ Bxd8 29. Qd4 $2 (29. Qxf5 $17 {only move.} Nxf5 30. Kf2) 29... Nd5 ({Nicht} 29... Qb1+ 30. Kg2 $19) 30. Qc5 $2 (30. Kh1) 30... Be7 31. Qd4 (31. Qf2 $142 Qb1+ 32. Qf1 Qxa2 33. Qd1) 31... Qb1+ 32. Kg2 Qe1 33. Kf3 $2 (33. Qf2 Qc1 34. Nc3) 33... Qf1+ 34. Qf2 Qxf2+ $2 (34... Qd3+ 35. Kg2 Ne3+ 36. Qxe3 Qxe3) 35. Kxf2 Nb4 36. a3 b5 ({Black should play} 36... Nd3+ $19 37. Ke3 Nc5 38. Nxc5 Bxc5+ 39. Ke4 Kc7) 37. axb4 bxa4 38. bxa4 Bxb4 39. Kf3 Kc7 40. Ke4 Bc5 41. h3 Kd7 42. g4 Bf2 43. Kf5 Ke7 44. Kg5 $2 (44. b3) 44... Ke6 45. h4 Be3 (45... Bc5 $142 46. Kh5 Be7 47. b4 Bxb4 48. Kg5 Be7+ 49. Kh5 a5 50. f5+ Kxe5 51. f6 Kxf6 52. g5+ Kf5 53. g6 hxg6#) 46. h5 h6+ 47. Kg6 Bxf4 {[%emt 0:00:00] Kxh6 gxh6} 48. Kxg7 Kxe5 49. Kf7 Kd6 50. Kf6 Bg5+ 51. Kf7 c5 52. b3 a5 53. Ke8 Kc6 54. Kf7 Kd5 55. Ke8 c4 0-1

[Event "9. Korbacher Open 2017"]
[Site "Korbach"]
[Date "2017.10.19"]
[Round "1"]
[White "Forgach, Andreas"]
[Black "Heinemann, Ernst"]
[Result "1/2-1/2"]
[ECO "B01"]
[WhiteElo "1851"]
[BlackElo "2099"]
[Annotator "NA RC"]
[PlyCount "38"]
[EventDate "2017.??.??"]
[EventType "swiss"]
[EventCountry "GER"]
[SourceTitle "playchess.com"]
[Source "ChessBase"]
[SourceQuality "1"]
[TimeControl "40/5400+30:1800+30"]

1. e4 d5 2. exd5 Nf6 3. d4 Bg4 4. Be2 Bxe2 5. Nxe2 Qxd5 6. O-O e6 {[%emt 0:05:36] B01: Scandinavian Defence} (6... Nc6 7. c3 O-O-O 8. Qb3 Qxb3 9. axb3 a6 10. Bf4 e6 11. Nd2 Bd6 12. Nc4 Bxf4 13. Nxf4 Rhe8 14. Rfe1 Nd5 15. Nd3 f6 {1-0 (38) Socko,B (2651)-Laylo,D (2511) Bangkok 2014}) 7. Nbc3 Qh5 8. Bf4 Bd6 (8... c6 $11 {keeps the balance.}) 9. Bxd6 cxd6 10. Qd3 a6 11. Ng3 $146 ({Predecessor:} 11. Qg3 Ke7 12. d5 e5 13. f4 Nbd7 14. fxe5 dxe5 {1-0 (32) Nissen,C (2133)-Heisel,G (2094) Germany 2014}) 11... Qg6 12. Nce4 Nxe4 13. Nxe4 Ke7 $2 (13... O-O $1 $11 {and Black has nothing to worry.}) 14. Rae1 Rd8 15. f4 Kf8 16. Qa3 Kg8 {[%emt 0:00:57] [#]} 17. Nxd6 (17. f5 $1 $18 exf5 {[#]} 18. Nxd6 $1 ) 17... Nc6 18. f5 ({Don't take} 18. Nxb7 Rdb8 $16) (18. c3 $18) 18... exf5 $18 (18... Qf6 $16 19. c3 (19. Nxb7 Qxd4+ 20. Kh1 Rdb8 $18) 19... e5) 19. Nxf5 Rd7 $2 (19... Kh8 20. c3 f6) 1/2-1/2

[Event "9. Korbacher Open 2017"]
[Site "Korbach"]
[Date "2017.10.19"]
[Round "1"]
[White "Held, Martin"]
[Black "Dijkhuis, Oele"]
[Result "0-1"]
[ECO "B78"]
[WhiteElo "1821"]
[BlackElo "2035"]
[Annotator "NA RC"]
[PlyCount "61"]
[EventDate "2017.??.??"]
[EventType "swiss"]
[EventCountry "GER"]
[SourceTitle "playchess.com"]
[Source "ChessBase"]
[SourceQuality "1"]
[TimeControl "40/5400+30:1800+30"]

1. e4 c5 2. Nf3 d6 3. d4 cxd4 4. Nxd4 Nf6 5. Nc3 g6 6. Be3 Bg7 7. Bc4 O-O 8. f3 Nc6 9. Qd2 Bd7 10. O-O-O Rc8 11. Bb3 Nxd4 12. Bxd4 b5 13. e5 {[%emt 0:12:13] B78: Sicilian Dragon: Yugoslav Attack, 9 Bc4 Bd7 10 0-0-0 Rc8} dxe5 14. Bxe5 {[%emt 0:01:33] LiveBook: 40 Games} Bc6 15. Qg5 (15. Qxd8 Rfxd8 16. Ne2 Bh6+ 17. Kb1 Nd7 18. Bd4 a5 19. a3 b4 20. axb4 axb4 {0-1 (47) Yu,Y (2744)-Jones,G (2625) Gibraltar 2016}) 15... Qb6 16. Bd4 Qb7 17. h4 a5 18. h5 h6 $1 19. Qxg6 $146 ({Predecessor:} 19. Qd2 g5 {0-1 (41) Baum,H (2364)-Gerhards,G (2091) ICCF email 2007}) (19. Qe3 $17 a4 20. Bxf7+ Kxf7 21. hxg6+ Kxg6 22. Ne2 (22. Bxf6 $2 exf6 23. a3 Qc7 $19)) 19... a4 20. Bxf7+ Rxf7 21. g4 $2 (21. a3) 21... b4 22. g5 bxc3 23. Bxc3 hxg5 24. h6 Bxf3 25. Bxf6 exf6 26. hxg7 Bxh1 27. Qh6 {[%emt 0:03:01] [#]} Rxc2+ $1 28. Kxc2 Qe4+ 29. Rd3 Qe2+ 30. Kc3 Rc7+ 31. Kd4 0-1

[Event "9. Korbacher Open 2017"]
[Site "Korbach"]
[Date "2017.10.19"]
[Round "1"]
[White "Shkolnyk, Boris"]
[Black "Rutz, Matthias"]
[Result "1/2-1/2"]
[ECO "D04"]
[WhiteElo "1812"]
[BlackElo "2046"]
[Annotator "NA"]
[PlyCount "67"]
[EventDate "2017.??.??"]
[EventType "swiss"]
[EventCountry "GER"]
[SourceTitle "playchess.com"]
[Source "ChessBase"]
[SourceQuality "1"]
[TimeControl "40/5400+30:1800+30"]

1. d4 d5 2. Nf3 Nf6 3. e3 c5 4. c4 e6 5. Nc3 Nc6 6. cxd5 Nxd5 {[%emt 0:00:47] LiveBook: 591 Games} 7. Be2 Be7 {[%emt 0:01:13] D41: Queen's Gambit Declined: Semi-Tarrasch with 5 cxd5} (7... cxd4 8. Nxd4 Bb4 9. Nxc6 bxc6 10. Bd2 Nxc3 11. Bxc3 Bxc3+ 12. bxc3 Qa5 13. O-O O-O 14. Qd6 Ba6 15. Bxa6 Qxa6 {½-½ (30) Krzyzanowski,M (2420)-Klekowski,M (2490) Polanica Zdroj 2015}) 8. Nxd5 Qxd5 9. dxc5 Qxd1+ 10. Bxd1 Bxc5 11. Ba4 $146 ({Predecessor:} 11. Bd2 Bd7 12. Bc3 O-O 13. Be2 Rfd8 14. O-O Be8 15. Rfd1 Rac8 16. Rxd8 {½-½ (16) Geller,E-Averbakh,Y Moscow 1961}) 11... Bd7 12. O-O a6 13. Bxc6 Bxc6 14. Bd2 Bxf3 15. gxf3 Rd8 16. Bc3 Ke7 17. Rfd1 f6 18. f4 Rxd1+ 19. Rxd1 Rd8 20. Rc1 Bd6 21. Kg2 Rd7 22. Kf3 Rc7 23. Rd1 b5 24. h3 b4 25. Be1 Rc2 26. Rd2 Rc1 27. Re2 f5 28. b3 Rd1 29. Bd2 Kf6 30. Be1 a5 31. Rd2 Rxe1 32. Rxd6 Ra1 33. Rd2 Ke7 34. Kg2 $11 1/2-1/2

[Event "9. Korbacher Open 2017"]
[Site "Korbach"]
[Date "2017.10.19"]
[Round "1"]
[White "Mak, Nico"]
[Black "Van Randtwijk, Mick"]
[Result "1/2-1/2"]
[ECO "B30"]
[WhiteElo "1799"]
[BlackElo "2028"]
[Annotator "NA RC"]
[PlyCount "160"]
[EventDate "2017.??.??"]
[EventType "swiss"]
[EventCountry "GER"]
[SourceTitle "playchess.com"]
[Source "ChessBase"]
[SourceQuality "1"]
[TimeControl "40/5400+30:1800+30"]

1. e4 c5 2. Nf3 Nc6 3. c3 Nf6 4. e5 Nd5 5. Bc4 e6 6. O-O d6 7. d4 cxd4 8. cxd4 Be7 9. Re1 O-O 10. Nc3 Nxc3 11. bxc3 dxe5 {[%emt 0:01:12] LiveBook: 3 Games} 12. Nxe5 Nxe5 13. Rxe5 Bd6 {[%emt 0:02:17] B22: Sicilian: 2 c3} (13... Qc7 14. Qd3 Bd7 15. Bd2 Rac8 16. Bb3 Bf6 17. Rh5 g6 18. Re1 b5 19. Re3 b4 20. Rc5 Qd6 21. cxb4 Bxd4 22. Rxc8 Rxc8 {0-1 (51) Eschmann,P (2191)-Caruana,F (2594) Winterthur 2007}) 14. Rh5 b6 $146 ({Predecessor:} 14... g6 15. Rh6 Qc7 16. Qd3 Kg7 17. Qe3 Qxc4 18. Rh3 Rh8 19. Qf3 f5 20. Bh6+ Kf7 21. Re1 {0-1 (29) Silber,H (2279)-Dziuba,M (2475) Germany 2004}) 15. Qf3 Qc7 $1 16. Bd3 ({Reject} 16. Qxa8 Bb7 $17) 16... g6 (16... f5 $5 17. Bd2 (17. Qxa8 Qxc3 18. Bb2 Qxb2 $11) 17... Bb7 $11) 17. Bh6 Rd8 $1 ({Worse is} 17... gxh5 18. Qf6 Bxh2+ 19. Kh1 Qe5 20. dxe5 Bxe5 21. Qxe5 f6 22. Qc7 Bd7 23. Qg3+ Kf7 24. Qg7+ Ke8 25. Qxf8#) 18. Qf6 (18. Re1 $5 ) 18... Bf8 19. Bxf8 Rxf8 20. Rh6 (20. Rc1 $11 {remains equal.}) 20... Qxc3 21. Rd1 {[%emt 0:04:16] [#]} Qc7 $1 22. Bf1 Bb7 $2 (22... Qd8 $17 23. Qe5 Bd7) 23. Rxh7 Kxh7 24. Rd3 Qc1 ({Inferior is} 24... Kg8 25. Rh3 Qxh2+ 26. Rxh2 Rfe8 27. Rh8#) 25. f4 $2 {[%emt 0:00:29] [#]} ({Only move:} 25. Rh3+ $18 Qh6 26. Rxh6+ Kxh6 27. h4) 25... Qxf1+ $1 26. Kxf1 Ba6 27. Ke2 {[%emt 0:00:30] [#]} Rad8 $1 28. Kd2 Bxd3 29. Kxd3 Rd5 30. Qe7 Kg7 31. Qxa7 {[%emt 0:00:34] [#]} Ra5 $1 32. Qxb6 Rxa2 (32... Rfa8 $17 33. Qb7 Ra3+ 34. Kc4 Rxa2) 33. Qb7 Rfa8 34. d5 (34. Qe4 $17 {keeps fighting.}) 34... R8a3+ 35. Kc4 Rc2+ ({Worse is} 35... Rxg2 36. dxe6 Rc2+ 37. Kd4 $11) 36. Kd4 Rd2+ ({Inferior is} 36... Rxg2 37. dxe6 Rd2+ 38. Kc4 $11) 37. Kc4 Rxd5 38. Qb2+ Kg8 39. Qxa3 Rf5 40. g3 Kg7 41. Kd4 Kg8 42. Ke4 Kg7 43. Qc3+ Kg8 44. g4 Rd5 45. Kf3 Kh7 46. Qf6 Kg8 47. g5 Kf8 48. Kg4 Ke8 49. h4 Rf5 50. Qh8+ Ke7 51. h5 gxh5+ 52. Qxh5 Rd5 53. Qh4 Kd7 54. Kh5 Rf5 55. Kh6 Ke8 56. Kg7 e5 57. Qe1 Ke7 58. Qb4+ Ke6 59. Qc4+ Kd6 60. fxe5+ (60. Qd3+ $142 Ke6 {[#]} 61. Qxf5+ $3 Kxf5 62. fxe5 Ke6 63. Kf8 f6 64. exf6 Ke5 65. Kf7) 60... Kxe5 61. Qc5+ Kf4 62. Qc1+ Ke5 63. Kh6 (63. Qe3+ $142 Kd6 64. Qd4+ Ke6 {[#]} 65. Qf6+ $1 Rxf6 66. gxf6 Kd6 67. Kxf7 Kd7 68. Kg8) 63... Ke6 64. Qc6+ Ke5 65. Qe8+ (65. Qc4 $142 Rf4 66. Qe2+ Kd4 67. Kh5 Kd5 68. Qd3+ Kc6 69. Qe3 Rf5 70. Qe4+ Rd5 71. Qf3) 65... Kf4 66. Qe7 (66. Qc8 $142 Ke4 67. Qc2+ Kf4 68. Qd3 Kg4 69. g6 fxg6 70. Kxg6 Rf3 71. Qd4+ Rf4 72. Qe3) 66... Kf3 67. Qf6 Ke4 68. Qe7+ $2 (68. Kg7 {mates} Rc5 69. Qe7+ Re5 {[#]} 70. Qxe5+ $1 Kxe5 71. Kxf7 Kf5 72. g6 Ke5 73. g7) 68... Kf3 69. Kh5 Kg3 70. Qe4 Rf4 71. Qe3+ Rf3 72. Qg1+ Kf4 73. Qg4+ Ke3 74. Qc4 Rf4 75. Qc5+ Kf3 76. Kh6 (76. Qe5 $142 Re4 77. Qd5 Ke3 78. Qxf7 Re5 79. Kh6 Re4 80. g6 Rg4 81. Qe6+ Kf4 {[#]} 82. Qxg4+ $1 Kxg4 83. g7) 76... Kg4 77. Kg7 Rf5 78. Qg1+ Kf4 79. Kh6 Ke4 80. Qb1+ Kf3 1/2-1/2

[Event "9. Korbacher Open 2017"]
[Site "Korbach"]
[Date "2017.10.19"]
[Round "1"]
[White "Van de Griend, Johan"]
[Black "Hoekstra, Peter"]
[Result "1-0"]
[ECO "C15"]
[WhiteElo "1797"]
[BlackElo "2074"]
[Annotator "NA RC"]
[PlyCount "55"]
[EventDate "2017.??.??"]
[EventType "swiss"]
[EventCountry "GER"]
[SourceTitle "playchess.com"]
[Source "ChessBase"]
[SourceQuality "1"]
[TimeControl "40/5400+30:1800+30"]

1. e4 e6 2. d4 d5 3. Nc3 Bb4 4. Bd3 dxe4 5. Bxe4 Nf6 6. Bd3 c5 7. a3 Bxc3+ {[%emt 0:00:32] C15: French: 3 Nc3 Bb4: Unusual White 4th moves} (7... Ba5 8. dxc5 Bxc3+ 9. bxc3 Qa5 10. Nf3 O-O 11. O-O Nbd7 12. Bf4 Nxc5 13. Bd6 Re8 14. Rb1 Nxd3 15. Qxd3 {0-1 (41) Pershin,D (2336)-Smirnov,P (2564) Kazan 2016}) 8. bxc3 Nc6 9. Nf3 O-O 10. O-O Qc7 11. Bg5 $146 ({Predecessor:} 11. Re1 cxd4 12. cxd4 b6 13. Bg5 {1-0 (70) Marchese,E (1423)-Fichtl,A (1767) Frankfurt 2013}) 11... e5 (11... Nd5 $14) 12. dxe5 Ng4 13. h3 (13. Bf4 $142) 13... Ngxe5 14. Bf4 Nxf3+ 15. Qxf3 Qe7 16. Qg3 Re8 17. Bd6 Qf6 18. Bxc5 b6 19. Bd6 Bf5 20. Bb5 Rac8 21. Rfe1 Re6 22. Rxe6 Qxe6 23. Ba4 Na5 24. Be5 Bg6 25. Rd1 Qa2 $2 (25... Nc6 $14 26. Rd6 Qxe5 27. Rxc6 Qe8) 26. Qg4 Ra8 27. Qd4 f6 {[%emt 0:01:10] [#]} 28. Bb3+ $18 1-0

[Event "9. Korbacher Open 2017"]
[Site "Korbach"]
[Date "2017.10.19"]
[Round "1"]
[White "Rehbein, Ullrich"]
[Black "Rubina, Tatiana"]
[Result "0-1"]
[ECO "D02"]
[WhiteElo "1778"]
[BlackElo "2022"]
[Annotator "NA RC"]
[PlyCount "72"]
[EventDate "2017.??.??"]
[EventType "swiss"]
[EventCountry "GER"]
[SourceTitle "playchess.com"]
[Source "ChessBase"]
[SourceQuality "1"]
[TimeControl "40/5400+30:1800+30"]

1. d4 d5 2. Nf3 e6 3. Bf4 Nf6 4. e3 Be7 5. Bd3 O-O 6. h3 c5 {[%emt 0:00:31] D02: 1 d4 d5 2 Nf3 sidelines, including 2...Nf6 3 g3 and 2...Nf6 3 Bf4} 7. c3 {[%emt 0:01:07] LiveBook: 6 Partien} Nc6 (7... Re8 8. Nbd2 Nbd7 9. O-O Nf8 10. Qe2 N6d7 11. Bh2 Qb6 12. Rab1 Bd6 13. Bxd6 Qxd6 14. e4 dxe4 15. Nxe4 {1-0 (34) Vogel,R (2477)-Schneider,J (2261) Willingen 2017}) 8. O-O c4 9. Bc2 b5 10. Nbd2 b4 11. e4 bxc3 12. bxc3 g6 $146 ({Predecessor:} 12... Qa5) 13. Re1 Bd7 14. Nf1 Qa5 15. Qd2 Ba3 16. Bd6 $2 (16. e5 $16 {stays on course.} Nh5 17. Bh6) 16... Bxd6 17. e5 Be7 18. exf6 Bxf6 19. h4 Rab8 20. Rab1 Rxb1 ({Avoid the trap} 20... Qxa2 $2 21. Ra1 $18) 21. Rxb1 Qxa2 22. h5 Na5 23. Qf4 (23. Qd1 $142 Qa3 24. Qe1) 23... Be7 24. Qc1 Nb3 25. Qd1 Ba4 (25... a5 $19 26. hxg6 hxg6) 26. hxg6 hxg6 ({Don't play} 26... fxg6 27. Bxb3 Bxb3 28. Qe1 $17) 27. Ne5 $2 (27. Ne3 {keeps fighting.}) 27... Bf6 28. Nd3 cxd3 29. Bxb3 Bxb3 30. Rxb3 $1 $11 {[%emt 0:00:50] and White is okay.} Qc2 (30... Rc8 31. g3) 31. Ne3 Qa2 $2 (31... Qe2 $19 32. g3 Rc8) 32. Rb4 $2 Qe2 33. Ra4 Rc8 34. Qa1 d2 35. Ra2 (35. Qf1 $142 Qe1 36. Ra1 Qxf1+ 37. Kxf1) 35... Qe1+ 36. Kh2 Qxf2 0-1

[Event "9. Korbacher Open 2017"]
[Site "Korbach"]
[Date "2017.10.19"]
[Round "1"]
[White "Deutsch, Christoph"]
[Black "Li, Zhuoling"]
[Result "0-1"]
[ECO "B32"]
[WhiteElo "1755"]
[BlackElo "2007"]
[Annotator "NA RC"]
[PlyCount "60"]
[EventDate "2017.??.??"]
[EventType "swiss"]
[EventCountry "GER"]
[SourceTitle "playchess.com"]
[Source "ChessBase"]
[SourceQuality "1"]
[TimeControl "40/5400+30:1800+30"]

1. e4 c5 2. Nf3 Nc6 3. d4 cxd4 4. Nxd4 e5 5. Nb5 d6 6. c4 Be7 7. Be2 Be6 8. N1c3 a6 9. Na3 Nf6 10. O-O O-O 11. Be3 {[%emt 0:02:37] LiveBook: 65 Partien} Rc8 12. Rc1 h6 13. h3 {[%emt 0:03:19] B32: Sicilian: Löwenthal and Kalashnikov Variations} (13. Qd2 Ng4 14. Bxg4 Bxg4 15. Nd5 Bg5 16. Nc2 Be6 17. Rfd1 Bxe3 18. Ndxe3 Qh4 19. f3 Rfd8 20. a4 Qg5 21. b4 Ne7 22. Ne1 Nc6 23. N1c2 Ne7 24. Ne1 Nc6 25. N1c2 {½-½ (25) Polgar,J (2682)-Radjabov,T (2740) Baku 2010}) 13... Nh7 14. Nd5 Bg5 15. Nc2 $146 ({Predecessor:} 15. Bb6 Qd7 16. Rc3 Kh8 17. Rd3 f5 18. Ne3 fxe4 19. Rxd6 Qf7 20. Bh5 Qe7 21. Rxe6 Qxe6 {0-1 (46) Van Foreest,J (2457)-Jakubiec,A (2535) Belgium 2014}) 15... Bxd5 16. Qxd5 (16. Bxg5 $11 Nxg5 17. exd5) 16... Bxe3 17. Nxe3 {[%emt 0:01:19] [#]} ({Better is} 17. fxe3 $15 Qg5 18. Rcd1 (18. Qxd6 Rcd8 $17)) 17... Nd4 $1 18. Bg4 $2 (18. Bd3 $17) 18... Nf6 19. Qxb7 Nxg4 20. Nxg4 Ne2+ 21. Kh2 Nxc1 22. Rxc1 h5 23. Ne3 Rb8 24. Qxa6 Rxb2 25. Nc2 $2 (25. Rf1) 25... Qg5 26. Ne3 Qf4+ 27. Kh1 Qxf2 28. Qa3 Re2 29. Rc3 Re1+ 30. Kh2 Qf4+ 0-1

[Event "9. Korbacher Open 2017"]
[Site "Korbach"]
[Date "2017.10.19"]
[Round "1"]
[White "Bayer, Martin"]
[Black "Maar, Samuel"]
[Result "1/2-1/2"]
[ECO "E91"]
[WhiteElo "1732"]
[BlackElo "1998"]
[Annotator "NA RC"]
[PlyCount "182"]
[EventDate "2017.??.??"]
[EventType "swiss"]
[EventCountry "GER"]
[SourceTitle "playchess.com"]
[Source "ChessBase"]
[SourceQuality "1"]
[TimeControl "40/5400+30:1800+30"]

1. d4 Nf6 2. Nf3 g6 3. c4 Bg7 4. Nc3 O-O 5. e4 d6 6. Be2 Nc6 (6... e5 $11 {remains equal.}) 7. h3 (7. d5 $16 Ne5 8. Nxe5 dxe5 9. O-O) 7... e5 8. d5 Ne7 9. Be3 c6 {[%emt 0:05:28] E92: King's Indian: Classical: 6 Be2 e5: 7 dxe5, 7 Be3 and Petrosian System without 7...Nbd7} 10. O-O cxd5 11. cxd5 a6 (11... Nh5 $142) 12. Rc1 $146 ({White should play} 12. Qb3 $16) ({Predecessor:} 12. a4 h6 13. Nd2 Nd7 14. Nc4 Qc7 {1-0 (41) Kleiman,J (2314)-Paunovic,T (2355) ICC INT 2009}) 12... Nd7 ({Günstiger ist} 12... b5 $14) 13. Qc2 (13. Qb3 $16) 13... f5 14. exf5 Nxf5 15. Ne4 (15. Bg5 $5 Bf6 16. Bd2 $14) 15... Nxe3 16. fxe3 Qb6 17. Qb3 Bh6 (17... Qxb3 $11 {remains equal.} 18. axb3 Nf6 19. Nxd6 Bh6) 18. Nfg5 Qxb3 19. axb3 Nc5 20. Rc3 $2 ({White must play} 20. Rxf8+ $16 Kxf8 21. Rf1+ Kg8 22. Nf6+ Kg7 23. Ne8+ (23. Nfxh7 Bf5 $11) 23... Kg8 24. h4) 20... Bf5 21. Nxc5 dxc5 22. Nf3 (22. Ne6 $11) 22... Rad8 23. Kh1 Be4 24. Nxe5 $2 ({White should try} 24. Rd1 $1 $15) 24... Rxf1+ 25. Bxf1 Bg7 26. Rc4 Bxd5 ({Much worse is} 26... Bxe5 $6 27. Rxe4 Bg3 28. Re6 $11) 27. Rxc5 b5 ({Viel schlechter ist} 27... Bxe5 $6 {[#]} 28. Rxd5 $1 Rxd5 29. Bc4 $11) ({Günstiger ist} 27... Bxb3 $17 28. Nd3 Re8) 28. Nc6 Bxc6 29. Rxc6 Rd1 30. Kg1 Bh6 31. Kf2 Rd2+ 32. Be2 Rxb2 33. Rxa6 Rxb3 34. e4 Bf4 35. Bf3 Rb2+ 36. Ke1 b4 37. Rb6 Bg3+ 38. Kd1 Be5 39. Rb5 Bc3 40. Kc1 Kf7 41. Rb7+ Ke6 42. Rxh7 Ke5 43. Rd7 Ra2 44. Rd3 Bd4 45. Kb1 Rf2 46. Kc1 Bb2+ 47. Kd1 Bc3 48. Kc1 Bb2+ 49. Kd1 Bd4 50. Rd2 Rf1+ 51. Kc2 Ra1 52. Kb3 Rb1+ 53. Kc2 Rb2+ 54. Kd3 Rb3+ 55. Kc4 Rb1 56. Rd3 ({Don't play} 56. Rxd4 Rc1+ 57. Kxb4 Kxd4 $17) 56... Bc3 57. Rxc3 (57. Rd5+ $14 Kf4 58. Rd6) 57... bxc3 58. Kxc3 Rb6 59. Kd3 Rb3+ 60. Ke2 Kf4 61. Kf2 Rb2+ 62. Kg1 Kg3 63. Kf1 g5 64. Ke1 $1 Kf4 65. Kf1 Ke3 66. Kg1 Rb1+ 67. Kh2 Kf2 68. Bg4 Re1 69. Bf3 Rg1 70. g4 $2 (70. e5 $11 {und Weiss steht sicher.}) 70... Re1 71. Bh1 Re3 $2 (71... Ke3 $19 72. e5 Kf4) 72. Bg2 Re2 $2 {[%emt 0:00:47] [#]} (72... Rb3 $19 73. e5 Re3) 73. Bh1 $2 (73. h4 $1 $11 {[%mdl 512] and White has nothing to worry.}) 73... Kf1+ $2 ({Black should play} 73... Ke3+ $19 74. Kg3 Kd4) 74. Kg3 Kg1 75. Bf3 Re3 {[%emt 0:00:06] [#]} 76. e5 $1 Rxe5 77. h4 gxh4+ 78. Kxh4 $11 Kf2 79. Bc6 Rc5 80. Bd7 Kf3 81. g5 Kf4 82. g6 Rg5 83. Be8 Rg1 84. Kh3 Rg3+ 85. Kh4 Re3 86. Bf7 Rg3 87. Be8 Rg1 88. Kh3 Kg5 89. Bf7 Kf4 90. Be8 Kf3 91. Kh4 Kf4 1/2-1/2